Unix NetHack Version 3.7.0-102 Work-in-progress - last build May 6 2024 11:13:24 (a826c253819134adcd5a35278a77b28aa00a2e05,branch:master). Game began 2024-05-12 08:21:29, ended 2024-05-12 08:33:24. elenmirie, neutral female gnomish Archeologist ------ |....| --+----- |....-# ##-.`....| |....|# # |......| |....|# ####.....:@| ---.--# ### |......| ##### # ### #.......| # # ######-%-o-.-- # # ## # ) # --|---- # ## # ## |.....| ## ###########"##### ## ### |..(...#######----------------## ### |....{|#######|..............|# -.--- |.[.... # |...:...........# |...| ------- # |..............| |..<| . ##......>......... |...| ---------------- ----- Elenmirie the Field Worker St:14 Dx:8 Co:11 In:17 Wi:18 Ch:10 Neutral Dlvl:5 $:0 HP:0(26) Pw:16(16) AC:3 Xp:4/138 T:2513 Burdened Latest messages: You finish your prayer. You feel that Camaxtli is well-pleased. You feel much better. The straw golem hits! The straw golem hits again! You lash the straw golem. The straw golem misses! The straw golem hits! You miss the straw golem. The straw golem hits! The straw golem misses! You miss the straw golem. The straw golem misses! The straw golem misses! The straw golem hits! The straw golem hits again! You miss the straw golem. The straw golem hits! The straw golem misses! You lash the straw golem. The straw golem hits! The straw golem hits again! You lash the straw golem. The straw golem misses! The straw golem hits! The straw golem hits! The straw golem hits again! You lash the straw golem. The straw golem turns to flee. The iguana bites! The goblin picks up a crude dagger. The goblin picks up an iron skull cap. The goblin puts on an iron skull cap. You lash the iguana. The iguana bites! You lash the iguana. The iguana bites! The iguana bites! You miss the iguana. You miss the iguana. You lash the iguana. The iguana misses! The goblin throws a crude dagger! You are hit by a crude dagger. You die... Do you want your possessions identified? [ynq] (y) y Do you want to see your attributes? [ynq] (y) y Do you want an account of creatures vanquished? [ynaq] (y) y Do you want to see your conduct and achievements? [ynq] (y) y Do you want to see the dungeon overview? [ynq] (y) y Inventory: Amulets o - a cursed amulet of strangulation named c Weapons I - an uncursed +0 elven dagger k - a cursed -2 axe a - an uncursed +2 bullwhip (weapon in right hand) Armor c - a blessed +0 fedora (being worn) j - an uncursed +0 pair of low boots (being worn) m - a blessed +1 chain mail (being worn) b - an uncursed +0 leather jacket Comestibles L - an uncursed ancient fruitcake d - 5 uncursed food rations Potions M - an uncursed potion of gain ability Rings r - an uncursed ring of levitation Wands K - an uncursed wand of digging (0:5) u - an uncursed wand of digging (0:4) Tools w - an uncursed sack containing 12 items n - an uncursed expensive camera (0:53) i - an uncursed magic marker (0:20) p - an uncursed +0 pick-axe e - an uncursed skeleton key f - an uncursed tinning kit (0:56) Gems/Stones C - an uncursed aquamarine stone l - an uncursed chrysoberyl stone N - an uncursed opal g - an uncursed touchstone Contents of the sack: 62 gold pieces a blessed scroll of enchant weapon an uncursed scroll of fire a blessed scroll of food detection an uncursed scroll of gold detection an uncursed scroll of scare monster a blessed scroll of teleportation an uncursed potion of hallucination an uncursed potion of object detection a blessed potion of sickness an uncursed potion of sickness 2 uncursed potions of speed Elenmirie the Archeologist's attributes: Background: You were a Field Worker, a level 4 female gnomish Archeologist. You were neutral, on a mission for Camaxtli who was opposed by Quetzalcoatl (lawful) and Huhetotl (chaotic). You were right-handed. You were in the Dungeons of Doom, on level 5. You entered the dungeon 2513 turns ago. You had 138 experience points, 22 more were needed to attain level 5. Basics: You had 0 out of 26 hit points. You had all 16 energy points (spell power). Your armor class was 3. Your wallet was empty, but you had 62 zorkmids stashed away in your pack. Autopickup was on for '$' plus thrown. Final Characteristics: Your strength was 14 (limit:18/50). Your dexterity was 8 (limit:18). Your constitution was 11 (limit:18). Your intelligence was 17 (limit:19). Your wisdom was 18 (limit:18). Your charisma was 10 (limit:18). Final Status: You weren't hungry. You were burdened; movement was slightly slowed. You were wielding a whip. You had basic skill with whip and could have enhanced that. Final Attributes: You were piously aligned. You were telepathic. You had automatic searching. You had infravision. You were warded. You are dead. Miscellaneous: You never encountered a bones level. Total elapsed playing time was 11 minutes and 52 seconds. Major events: Turn 1: elenmirie the neutral female gnomish Archeologist entered the dungeon 1171: entered the Gnomish Mines 1374: attained the rank of Field Worker (level 3) 2513: killed by an orcish dagger Vanquished creatures: a floating eye a homunculus 2 hill orcs a rothe a wererat an acid blob a hobbit 8 manes a giant rat 4 cave spiders a yellow mold 2 garter snakes 4 geckos 8 jackals 2 foxes a kobold 2 goblins a grid bug 4 lichens 5 newts 51 creatures vanquished. No species were genocided or became extinct. Voluntary challenges: You were illiterate. You never engraved Elbereth. You never genocided any monsters. You never polymorphed an object. You never changed form. You used no wishes. Achievements: You entered the Gnomish Mines. You attained the rank of Field Worker. The Dungeons of Doom: levels 1 to 5 Level 1: A fountain. Level 2: Level 3: Stairs down to The Gnomish Mines. Level 4: Some fountains. Level 5: <- You were here. A fountain. Final resting place for you, killed by an orcish dagger. The Gnomish Mines: Level 4: Game over: ---------- / \ / REST \ / IN \ / PEACE \ / \ | elenmirie | | 62 Au | | killed by an | | orcish dagger | | | | | | 2024 | *| * * * | * _________)/\\_//(\/(/\)/\//\/|_)_______ Goodbye elenmirie the Archeologist... You died in The Dungeons of Doom on dungeon level 5 with 828 points, and 62 pieces of gold, after 2513 moves. You were level 4 with a maximum of 26 hit points when you died.